Workbook

Sheet Notas a los Edos Financieros
A1: Instituto Cultural de León | C1: Ejercicio: | D1: 2026
A2: Notas de Desglose y Memoria | C2: Periodicidad: | D2: Trimestral
A3: Del 01 de enero al 30 de septiembre de 2026 | C3: Corte: | D3: 3
A4: (Cifras en Pesos)
A5: NOTAS | B5: DESCRIPCIÓN
B7: I. NOTAS DE DESGLOSE:
B9: INFORMACION CONTABLE
A10: ACT-01 | B10: INGRESOS Y OTROS BENEFICIOS
A11: ACT-02 | B11: GASTOS Y OTRAS PERDIDAS
A12: ESF-01 | B12: FONDOS CON AFECTACIÓN ESPECÍFICA E INVERSIONES FINANCIERAS
A13: ESF-02 | B13: CONTRIBUCIONES POR RECUPERAR
A14: ESF-03 | B14: CONTRIBUCIONES POR RECUPERAR CORTO PLAZO
A15: ESF-04 | B15: BIENES DISPONIBLES PARA SU TRANSFORMACIÓN ESTIMACIONES Y DETERIOROS (INVENTARIOS)
A16: ESF-05 | B16: ALMACENES
A17: ESF-06 | B17: FIDEICOMISOS, MANDATOS Y CONTRATOS ANÁLOGOS
A18: ESF-07 | B18: PARTICIPACIONES Y APORTACIONES DE CAPITAL
A19: ESF-08 | B19: BIENES MUEBLES E INMUEBLES
A20: ESF-09 | B20: INTANGIBLES Y DIFERIDOS
A21: ESF-10 | B21: ESTIMACIONES Y DETERIOROS
... A36: Conciliacion_Eg | B36: CONCILIACIÓN ENTRE LOS EGRESOS PRESUPUESTARIOS Y LOS GASTOS CONTABLES
B38: II. DE MEMORIA (DE ORDEN):
A39: Memoria | B39: CONTABLES
B40: PRESUPUESTARIAS
B41: INGRESOS
B42: EGRESOS
A45: Bajo protesta de decir verdad declaramos que los Estados Financieros y sus notas, son razonablemente correctos y son responsabilidad del emisor.
B50: DIRECTORA GENERAL LIC. LISETTE AHEDO ESPINOSA | C50: DIRECTORA DE ADMINISTRACIÓN Y FINANZAS C.P. VERÓNICA GONZÁLEZ MORENO

Sheet ACT
A1: ='Notas a los Edos Financieros'!A1 -> Instituto Cultural de León | D1: Ejercicio: | E1: ='Notas a los Edos Financieros'!D1 -> 2026
A2: Notas de Desglose Estado de Actividades | D2: Periodicidad: | E2: ='Notas a los Edos Financieros'!D2 -> Trimestral
A3: ='Notas a los Edos Financieros'!A3 -> Del 01 de enero al 30 de septiembre de 2026 | D3: Corte: | E3: ='Notas a los Edos Financieros'!D3 -> 3
A4: (Cifras en Pesos)
A5: Notas
A7: ACT-01 INGRESOS y OTROS BENEFICIOS
A8: Cuenta | B8: Nombre de la Cuenta | C8: Monto | D8: % | E8: Explicación
A9: 4000 | B9: INGRESOS Y OTROS BENEFICIOS | C9: =+C10+C57+C69 -> 1.0900564e+08
A10: 4100 | B10: INGRESOS DE GESTION | C10: =+C11+C21+C27+C30+C36+C39+C48 -> 13097472
A11: 4110 | B11: Impuestos | C11: =+C12 -> 0 | D11: =IFERROR(C11/$C$12,"")
A12: 4111 | B12: Impuestos Sobre los Ingresos | C12: 0 | D12: =IFERROR(C12/$C$12,"")
A13: 4112 | B13: Impuestos Sobre el Patrimonio | C13: 0 | D13: =IFERROR(C13/$C$12,"")
A14: 4113 | B14: Impuestos Sobre la Producción, el Consumo y las Transacciones | C14: 0 | D14: =IFERROR(C14/$C$12,"")
A15: 4114 | B15: Impuestos al Comercio Exterior | C15: 0 | D15: =IFERROR(C15/$C$12,"")
A16: 4115 | B16: Impuestos Sobre Nóminas y Asimilables | C16: 0 | D16: =IFERROR(C16/$C$12,"")
A17: 4116 | B17: Impuestos Ecológicos | C17: 0 | D17: =IFERROR(C17/$C$12,"")
A18: 4117 | B18: Accesorios de Impuestos | C18: 0 | D18: =IFERROR(C18/$C$12,"")
A19: 4118 | B19: Impuestos no Comprendidos en la Ley de Ingresos Vigente, Causados en Ejercicios Fiscales Anteriores Pendientes de Liquidación o Pago | C19: 0 | D19: =IFERROR(C19/$C$12,"")
A20: 4119 | B20: Otros Impuestos | C20: 0 | D20: =IFERROR(C20/$C$12,"")
A21: 4120 | B21: Cuotas y Aportaciones de Seguridad Social | C21: 0 | D21: =IFERROR(C21/$C$21,"")
A22: 4121 | B22: Aportaciones para Fondos de Vivienda | C22: 0 | D22: =IFERROR(C22/$C$21,"")
A23: 4122 | B23: Cuotas para la Seguridad Social | C23: 0 | D23: =IFERROR(C23/$C$21,"")
A24: 4123 | B24: Cuotas de Ahorro para el Retiro | C24: 0 | D24: =IFERROR(C24/$C$21,"")
A25: 4124 | B25: Accesorios de Cuotas y Aportaciones de Seguridad Social | C25: 0 | D25: =IFERROR(C25/$C$21,"")
A26: 4129 | B26: Otras Cuotas y Aportaciones para la Seguridad Social | C26: 0 | D26: =IFERROR(C26/$C$21,"")
A27: 4130 | B27: Contribuciones de Mejoras | C27: 0 | D27: =IFERROR(C27/$C$27,"")
A28: 4131 | B28: Contribuciones de Mejoras por Obras Públicas | C28: 0 | D28: =IFERROR(C28/$C$27,"")
A29: 4132 | B29: Contribuciones de Mejoras no Comprendidas en la Ley de Ingresos Vigente, Causadas en Ejercicios Fiscales Anteriores Pendientes de Liquidación o Pago | C29: 0 | D29: =IFERROR(C29/$C$27,"")
A30: 4140 | B30: Derechos | C30: 0 | D30: =IFERROR(C30/$C$30,"")
A31: 4141 | B31: Derechos por el Uso, Goce, Aprovechamiento o Explotación de Bienes de Dominio Público | C31: 0 | D31: =IFERROR(C31/$C$30,"")
A32: 4143 | B32: Derechos por Prestación de Servicios | C32: 0 | D32: =IFERROR(C32/$C$30,"")
A33: 4144 | B33: Accesorios de Derechos | C33: 0 | D33: =IFERROR(C33/$C$30,"")
A34: 4145 | B34: Derechos no Comprendidos en la Ley de Ingresos Vigente, Causados en Ejercicios Fiscales Anteriores Pendientes de Liquidación o Pago | C34: 0 | D34: =IFERROR(C34/$C$30,"")
A35: 4149 | B35: Otros Derechos | C35: 0 | D35: =IFERROR(C35/$C$30,"")
A36: 4150 | B36: Productos | C36: 0 | D36: =IFERROR(C36/$C$36,"")
A37: 4151 | B37: Productos | C37: 0 | D37: =IFERROR(C37/$C$36,"")
A38: 4154 | B38: Productos no Comprendidos en la Ley de Ingresos Vigente, Causados en Ejercicios Fiscales Anteriores Pendientes de Liquidación o Pago | C38: 0 | D38: =IFERROR(C38/$C$36,"")
A39: 4160 | B39: Aprovechamientos | C39: 0 | D39: =IFERROR(C39/$C$39,"")
A40: 4161 | B40: Incentivos Derivados de la Colaboración Fiscal | C40: 0 | D40: =IFERROR(C40/$C$39,"")
A41: 4162 | B41: Multas | C41: 0 | D41: =IFERROR(C41/$C$39,"")
A42: 4163 | B42: Indemnizaciones | C42: 0 | D42: =IFERROR(C42/$C$39,"")
A43: 4164 | B43: Reintegros | C43: 0 | D43: =IFERROR(C43/$C$39,"")
A44: 4165 | B44: Aprovechamientos Provenientes de Obras Públicas | C44: 0 | D44: =IFERROR(C44/$C$39,"")
A45: 4166 | B45: Aprovechamientos no Comprendidos en la Ley de Ingresos Vigente, Causados en Ejercicios Fiscales Anteriores Pendientes de Liquidación o Pago | C45: 0 | D45: =IFERROR(C45/$C$39,"")
A46: 4168 | B46: Accesorios de Aprovechamientos | C46: 0 | D46: =IFERROR(C46/$C$39,"")
A47: 4169 | B47: Otros Aprovechamientos | C47: 0 | D47: =IFERROR(C47/$C$39,"")
A48: 4170 | B48: Ingresos por Venta de Bienes y Prestación de Servicios | C48: =+C49+C50+C51+C52+C53+C54+C55+C56 -> 13097472 | D48: =IFERROR(C48/$C$48,"") -> 1
A49: 4171 | B49: Ingresos por Venta de Bienes y Prestación de Servicios de Instituciones Públicas de Seguridad Social | C49: 0 | D49: =IFERROR(C49/$C$48,"") -> 0
A50: 4172 | B50: Ingresos por Venta de Bienes y Prestación de Servicios de Empresas Productivas del Estado | C50: 0 | D50: =IFERROR(C50/$C$48,"") -> 0
A51: 4173 | B51: Ingresos por Venta de Bienes y Prestación de Servicios de Entidades Paraestatales y Fideicomisos No Empresariales y No Financieros | C51: 13097472 | D51: =IFERROR(C51/$C$48,"") -> 1
A52: 4174 | B52: Ingresos por Venta de Bienes y Prestación de Servicios de Entidades Paraestatales Empresariales No Financieras con Participación Estatal Mayoritaria | C52: 0 | D52: =IFERROR(C52/$C$48,"") -> 0
A53: 4175 | B53: Ingresos por Venta de Bienes y Prestación de Servicios de Entidades Paraestatales Empresariales Financieras Monetarias con Participación Estatal Mayoritaria | C53: 0 | D53: =IFERROR(C53/$C$48,"") -> 0
A54: 4176 | B54: Ingresos por Venta de Bienes y Prestación de Servicios de Entidades Paraestatales Empresariales Financieras No Monetarias con Participación Estatal Mayoritaria | C54: 0 | D54: =IFERROR(C54/$C$48,"") -> 0
A55: 4177 | B55: Ingresos por Venta de Bienes y Prestación de Servicios de Fideicomisos Financieros Públicos con Participación Estatal Mayoritaria | C55: 0 | D55: =IFERROR(C55/$C$48,"") -> 0
A56: 4178 | B56: Ingresos por Venta de Bienes y Prestación de Servicios de los Poderes Legislativo y Judicial, y de los Órganos Autónomos | C56: 0 | D56: =IFERROR(C56/$C$48,"") -> 0
A57: 4200 | B57: PARTICIPACIONES, APORTACIONES, CONVENIOS, INCENTIVOS DERIVADOS DE LA COLABORACIÓN FISCAL, FONDOS DISTINTOS DE APORTACIONES, TRANSFERENCIAS, ASIGNACIONES, SUBSIDIOS Y SUBVENCIONES, Y PENSIONES Y JUBILACIONES | C57: =+C58+C64 -> 95908170
A58: 4210 | B58: Participaciones, Aportaciones, Convenios, Incentivos Derivados de la Colaboración Fiscal y Fondos Distintos de Aportaciones | C58: 0 | D58: =IFERROR(C58/$C$58,"")
A59: 4211 | B59: Participaciones | C59: 0 | D59: =IFERROR(C59/$C$58,"")
A60: 4212 | B60: Aportaciones | C60: 0 | D60: =IFERROR(C60/$C$58,"")
A61: 4213 | B61: Convenios | C61: 0 | D61: =IFERROR(C61/$C$58,"")
A62: 4214 | B62: Incentivos derivados de la Colaboración Fiscal | C62: 0 | D62: =IFERROR(C62/$C$58,"")
A63: 4215 | B63: Fondos Distintos de Aportaciones | C63: 0 | D63: =IFERROR(C63/$C$58,"")
A64: 4220 | B64: Transferencias, Asignaciones, Subsidios y Otras ayudas | C64: =+C65+C66+C67+C68 -> 95908170 | D64: =IFERROR(C64/$C$64,"") -> 1
A65: 4221 | B65: Transferencias Internas y Asignaciones del Sector Público | C65: 95908170 | D65: =IFERROR(C65/$C$64,"") -> 1
A66: 4223 | B66: Subsidios y Subvenciones | C66: 0 | D66: =IFERROR(C66/$C$64,"") -> 0
A67: 4225 | B67: Pensiones y Jubilaciones | C67: 0 | D67: =IFERROR(C67/$C$64,"") -> 0
A68: 4227 | B68: Transferencias del Fondo Mexicano del Petróleo para la Estabilización y el Desarrollo | C68: 0 | D68: =IFERROR(C68/$C$64,"") -> 0
A69: 4300 | B69: OTROS INGRESOS Y BENEFICIOS | C69: 0
A70: 4310 | B70: Ingresos Financieros | C70: 0 | D70: =IFERROR(C70/$C$70,"")
A71: 4311 | B71: Intereses Ganados de Títulos, Valores y demás Instrumentos Financieros | C71: 0 | D71: =IFERROR(C71/$C$70,"")
A72: 4319 | B72: Otros Ingresos Financieros | C72: 0 | D72: =IFERROR(C72/$C$70,"")
A73: 4320 | B73: Incremento por Variación de Inventarios | C73: 0 | D73: =IFERROR(C73/$C$73,"")
A74: 4321 | B74: Incremento por Variación de Inventarios de Mercancías para Venta | C74: 0 | D74: =IFERROR(C74/$C$73,"")
A75: 4322 | B75: Incremento por Variación de Inventarios de Mercancías Terminadas | C75: 0 | D75: =IFERROR(C75/$C$73,"")
A76: 4323 | B76: Incremento por Variación de Inventarios de Mercancías en Proceso de Elaboración | C76: 0 | D76: =IFERROR(C76/$C$73,"")
A77: 4324 | B77: Incremento por Variación de Inventarios de Materias Primas, Materiales y Suministros para Producción | C77: 0 | D77: =IFERROR(C77/$C$73,"")
A78: 4325 | B78: Incremento por Variación de Almacén de Materias Primas, Materiales y Suministros de Consumo | C78: 0 | D78: =IFERROR(C78/$C$73,"")
A79: 4330 | B79: Disminución del Exceso de Estimaciones por Pérdida o Deterioro u Obsolescencia | C79: 0 | D79: =IFERROR(C79/$C$79,"")
A80: 4331 | B80: Disminución del Exceso de Estimaciones por Pérdida o Deterioro u Obsolescencia | C80: 0 | D80: =IFERROR(C80/$C$79,"")
A81: 4340 | B81: Disminución del Exceso de Provisiones | C81: 0 | D81: =IFERROR(C81/$C$81,"")
A82: 4341 | B82: Disminución del Exceso de Provisiones | C82: 0 | D82: =IFERROR(C82/$C$81,"")
A83: 4390 | B83: Otros Ingresos y Beneficios Varios | C83: 0 | D83: =IFERROR(C83/$C$83,"")
A84: 4392 | B84: Bonificaciones y Descuentos Obtenidos | C84: 0 | D84: =IFERROR(C84/$C$83,"")
A85: 4393 | B85: Diferencias por Tipo de Cambio a Favor | C85: 0 | D85: =IFERROR(C85/$C$83,"")
A86: 4394 | B86: Diferencias de Cotizaciones a Favor en Valores Negociables | C86: 0 | D86: =IFERROR(C86/$C$83,"")
A87: 4395 | B87: Resultado por Posición Monetaria | C87: 0 | D87: =IFERROR(C87/$C$83,"")
A88: 4396 | B88: Utilidades por Participación Patrimonial | C88: 0 | D88: =IFERROR(C88/$C$83,"")
A89: 4397 | B89: Diferencias por Reestructuración de Deuda Pública a Favor | C89: 0 | D89: =IFERROR(C89/$C$83,"")
A90: 4399 | B90: Otros Ingresos y Beneficios Varios | C90: 0 | D90: =IFERROR(C90/$C$83,"")
A92: ACT-02 GASTOS Y OTRAS PERDIDAS
A93: Cuenta | B93: Nombre de la Cuenta | C93: Monto | D93: % | E93: Explicación
A94: 5000 | B94: GASTOS Y OTRAS PERDIDAS | C94: =+C95+C123+C156+C166+C181 -> 85297053
A95: 5100 | B95: GASTOS DE FUNCIONAMIENTO | C95: =+C96+C103+C113 -> 83383374
A96: 5110 | B96: Servicios Personales | C96: =+C97+C98+C99+C100+C101 -> 46869110 | D96: =IFERROR(C96/$C$96,"") -> 1
A97: 5111 | B97: Remuneraciones al Personal de Carácter Permanente | C97: 21722653 | D97: =IFERROR(C97/$C$96,"") -> 0.46347482
A98: 5112 | B98: Remuneraciones al Personal de Carácter Transitorio | C98: 6604351.4 | D98: =IFERROR(C98/$C$96,"") -> 0.14091054
A99: 5113 | B99: Remuneraciones Adicionales y Especiales | C99: 1042284.4 | D99: =IFERROR(C99/$C$96,"") -> 0.022238195
A100: 5114 | B100: Seguridad Social | C100: 7451139.1 | D100: =IFERROR(C100/$C$96,"") -> 0.15897761
A101: 5115 | B101: Otras Prestaciones Sociales y Económicas | C101: 10048683 | D101: =IFERROR(C101/$C$96,"") -> 0.21439884
A102: 5116 | B102: Pago de Estímulos a Servidores Públicos | C102: 0 | D102: =IFERROR(C102/$C$96,"") -> 0
...

Sheet ESF
A1: ='Notas a los Edos Financieros'!A1 -> Instituto Cultural de León | G1: Ejercicio: | H1: ='Notas a los Edos Financieros'!D1 -> 2026
A2: Notas de Desglose Estado de Situación Financiera | G2: Periodicidad: | H2: ='Notas a los Edos Financieros'!D2 -> Trimestral
A3: ='Notas a los Edos Financieros'!A3 -> Del 01 de enero al 30 de septiembre de 2026 | G3: Corte: | H3: ='Notas a los Edos Financieros'!D3 -> 3
A4: (Cifras en Pesos)
A5: Notas
A7: ESF-01 FONDOS CON AFECTACIÓN ESPECÍFICA E INVERSIONES FINANCIERAS
A8: Cuenta | B8: Nombre de la Cuenta | C8: Monto | D8: Tipo
A9: 1114 | B9: Inversiones Temporales (Hasta 3 meses) | C9: 0
A10: 1115 | B10: Fondos con Afectación Específica | C10: 0
A11: 1121 | B11: Inversiones Financieras de Corto Plazo | C11: 0
A13: ESF-02 CONTRIBUCIONES POR RECUPERAR
A14: Cuenta | B14: Nombre de la Cuenta | C14: Monto | D14: =H1-1 -> 2025 | E14: =D14-1 -> 2024 | F14: =E14-1 -> 2023 | G14: =F14-1 -> 2022 | H14: Factibilidad de Cobro
A15: 1122 | B15: Cuentas por Cobrar a Corto Plazo | C15: 7342265.4 | D15: 146723.79 | E15: 58860.03 | F15: 72959.07 | G15: 109480.07 | H15: Por cobrar
A16: 1124 | B16: Ingresos por Recuperar a Corto Plazo | C16: 1413268.4 | D16: 1413268.4 | E16: 2042737.7 | F16: 3233718.1 | G16: 3858107.8
A18: ESF-03 CONTRIBUCIONES POR RECUPERAR CORTO PLAZO
A19: Cuenta | B19: Nombre de la Cuenta | C19: Monto | D19: A 90 Días | E19: A 180 Días | F19: A 365 Días | G19: + 365 Días | H19: Característica
A20: 1123 | B20: Deudores Diversos por Cobrar a Corto Plazo | C20: 691998.71 | D20: 81733.11 | E20: 0 | F20: 0 | G20: 610265.6 | H20: Por recuperar
A21: 1125 | B21: Deudores por Anticipos de la Tesorería a Corto Plazo | C21: 0 | D21: 0 | E21: 0 | F21: 0 | G21: 0
A22: 1126 | B22: Préstamos Otorgados a Corto Plazo | C22: 0 | D22: 0 | E22: 0 | F22: 0 | G22: 0
A23: 1129 | B23: Otros Derechos a Recibir Efectivo o Equivalentes a Corto Plazo | C23: 0 | D23: 0 | E23: 0 | F23: 0 | G23: 0
A24: 1131 | B24: Anticipo a Proveedores por Adquisición de Bienes y Prestación de Servicios a Corto Plazo | C24: 806663.33 | D24: 245981.47 | E24: 0 | F24: 0 | G24: 560681.86 | H24: Por recuperar
A25: 1132 | B25: Anticipo a Proveedores por Adquisición de Bienes Inmuebles y Muebles a Corto Plazo | C25: 0 | D25: 0 | E25: 0 | F25: 0 | G25: 0
A26: 1133 | B26: Anticipo a Proveedores por Adquisición de Bienes Intangibles a Corto Plazo | C26: 0 | D26: 0 | E26: 0 | F26: 0 | G26: 0
A27: 1134 | B27: Anticipo a Contratistas por Obras Públicas a Corto Plazo | C27: 0 | D27: 0 | E27: 0 | F27: 0 | G27: 0
A28: 1139 | B28: Otros Derechos a Recibir Bienes o Servicios a Corto Plazo | C28: 0 | D28: 0 | E28: 0 | F28: 0 | G28: 0
A30: ESF-04 BIENES DISPONIBLES PARA SU TRANSFORMACIÓN ESTIMACIONES Y DETERIOROS (INVENTARIOS)
A31: Cuenta | B31: Nombre de la Cuenta | C31: Monto | D31: Sistema de Costeo | E31: Método de Valuación | F31: Impacto de Información Financiera
A32: 1140 | B32: Inventarios | C32: 0
A33: 1141 | B33: Inventario de Mercancías para Venta | C33: 0
A34: 1142 | B34: Inventario de Mercancías Terminadas | C34: 0
A35: 1143 | B35: Inventario de Mercancías en Proceso de Elaboración | C35: 0
A36: 1144 | B36: Inventario de Materias Primas, Materiales y Suministros para Producción | C36: 0
A37: 1145 | B37: Bienes en Tránsito | C37: 0
A39: ESF-05 ALMACENES
A40: Cuenta | B40: Nombre de la Cuenta | C40: Monto | D40: Método de Valuación | E40: Conveniencia de Aplicación | F40: Impacto de Información Financiera
A41: 1150 | B41: Almacenes | C41: 0
A42: 1151 | B42: Almacén de Materiales y Suministros de Consumo | C42: 0
A44: ESF-06 FIDEICOMISOS, MANDATOS Y CONTRATOS ANÁLOGOS
A45: Cuenta | B45: Nombre de la Cuenta | C45: Monto | D45: Tipo | E45: Característica
A46: 1213 | B46: Fideicomisos, Mandatos y Contratos Análogos | C46: 0
A48: ESF-07 PARTICIPACIONES Y APORTACIONES DE CAPITAL
A49: Cuenta | B49: Nombre de la Cuenta | C49: Monto
A50: 1211 | B50: Inversiones a Largo Plazo | C50: 0
A51: 1212 | B51: Títulos y Valores a Largo Plazo | C51: 0
A52: 1214 | B52: Participaciones y Aportaciones de Capital | C52: 0
A54: ESF-08 BIENES MUEBLES E INMUEBLES
A55: Cuenta | B55: Nombre de la Cuenta | C55: Monto | D55: Dep. Gasto | E55: Dep. Acumulada | F55: Método de depreciación | G55: Tasas determinada | H55: Criterios | I55: Estado del bien | J55: Características
A56: 1230 | B56: Bienes Inmuebles, Infraestructura y Construcciones en Proceso | C56: 0 | D56: 0 | E56: 0
A57: 1231 | B57: Terrenos | C57: 0
A58: 1232 | B58: Viviendas | C58: 0 | D58: 0 | E58: 0
A59: 1233 | B59: Edificios no Habitacionales | C59: 0 | D59: 0 | E59: 0
A60: 1234 | B60: Infraestructura | C60: 0 | D60: 0 | E60: 0
A61: 1235 | B61: Construcciones en Proceso en Bienes de Dominio Público | C61: 0 | D61: 0 | E61: 0
A62: 1236 | B62: Construcciones en Proceso en Bienes Propios | C62: 0 | D62: 0 | E62: 0
A63: 1239 | B63: Otros Bienes Inmuebles | C63: 0 | D63: 0 | E63: 0
A64: 1240 | B64: Bienes Muebles | C64: =+SUM(C65:C72) -> 25526680 | D64: =+SUM(D65:D72) -> 1134129.7 | E64: =+SUM(E65:E72) -> 21361339
A65: 1241 | B65: Mobiliario y Equipo de Administración | C65: 5609943.6 | D65: 127798.92 | E65: 5104241.6 | F65: LINEA RECTA | G65: 10% Y 33.3% PARA EQUIPO DE COMPUTO | H65: ANUAL
A66: 1242 | B66: Mobiliario y Equipo Educacional y Recreativo | C66: 12387170 | D66: 955777.74 | E66: 9716463.6 | F66: LINEA RECTA | G66: 33.3% Y 20% PARA OTRO MOBILIARIO | H66: ANUAL
A67: 1243 | B67: Equipo e Instrumental Médico y de Laboratorio | C67: 0 | D67: 0 | E67: 0
A68: 1244 | B68: Vehículos y Equipo de Transporte | C68: 3279250.9 | D68: 26250 | E68: 3072927.6 | F68: LINEA RECTA | G68: 0.2 | H68: ANUAL
A69: 1245 | B69: Equipo de Defensa y Seguridad | C69: 0 | D69: 0 | E69: 0
A70: 1246 | B70: Maquinaria, Otros Equipos y Herramientas | C70: 3685483.5 | D70: 24303.064 | E70: 3467706.2 | F70: LINEA RECTA | G70: 0.1 | H70: ANUAL
A71: 1247 | B71: Colecciones, Obras de Arte y Objetos Valiosos | C71: 564831.14 | D71: 0 | E71: 0
A72: 1248 | B72: Activos Biológicos | C72: 0 | D72: 0 | E72: 0
A74: ESF-09 INTANGIBLES Y DIFERIDOS
A75: Cuenta | B75: Nombre de la Cuenta | C75: Monto | D75: Amort. Gasto | E75: Amort. Acum | F75: Métodos aplicados | G75: Tasas Aplicada
A76: 1250 | B76: Activos Intangibles | C76: =SUM(C77:C81) -> 133169 | D76: =SUM(D77:D81) -> 4993.83 | E76: =SUM(E77:E81) -> 56512.71
A77: 1251 | B77: Software | C77: 133169 | D77: 4993.83 | E77: 56512.71
A78: 1252 | B78: Patentes, Marcas y Derechos | C78: 0 | D78: 0 | E78: 0
A79: 1253 | B79: Concesiones y Franquicias | C79: 0 | D79: 0 | E79: 0
A80: 1254 | B80: Licencias | C80: 0 | D80: 0 | E80: 0
A81: 1259 | B81: Otros Activos Intangibles | C81: 0 | D81: 0 | E81: 0
A82: 1270 | B82: Activos Diferidos | C82: =+C83+C84+C85+C86+C87+C88 -> 19166.2
A83: 1271 | B83: Estudios, Formulación y Evaluación de Proyectos | C83: 0
A84: 1272 | B84: Derechos Sobre Bienes en Régimen de Arrendamiento Financiero | C84: 0
A85: 1273 | B85: Gastos Pagados por Adelantado a Largo Plazo | C85: 19166.2
A86: 1274 | B86: Anticipos a Largo Plazo | C86: 0
A87: 1275 | B87: Beneficios al Retiro de Empleados Pagados por Adelantado | C87: 0
A88: 1279 | B88: Otros Activos Diferidos | C88: 0
A90: ESF-10 ESTIMACIONES Y DETERIOROS
A91: Cuenta | B91: Nombre de la Cuenta | C91: Monto | D91: Criterios
A92: 1160 | B92: Estimación por Pérdida o Deterioro de Activos Circulantes | C92: 0
A93: 1161 | B93: Estimaciones para Cuentas Incobrables por Derechos a Recibir Efectivo o Equivalentes | C93: 0
A94: 1162 | B94: Estimación por Deterioro de Inventarios | C94: 0
A96: ESF-11 OTROS ACTIVOS
A97: Cuenta | B97: Nombre de la Cuenta | C97: Monto | D97: Característica
A98: 1190 | B98: Otros Activos Circulantes | C98: 0
A99: 1191 | B99: Valores en Garantía | C99: 0
A100: 1192 | B100: Bienes en Garantía (excluye depósitos de fondos) | C100: 0
A101: 1193 | B101: Bienes derivados de embargos, decomisos, aseguramientos y dación en pago | C101: 0
A102: 1194 | B102: Adquisición con Fondos de Terceros | C102: 0
A103: 1290 | B103: Otros Activos no Circulantes | C103: 0
A104: 1291 | B104: Bienes en Concesión | C104: 0
A105: 1292 | B105: Bienes en Arrendamiento Financiero | C105: 0
A106: 1293 | B106: Bienes en Comodato | C106: 0
A108: ESF-12 CUENTAS Y DOCUMENTOS POR PAGAR
A109: Cuenta | B109: Nombre de la Cuenta | C109: Monto | D109: A 90 Días | E109: A 180 Días | F109: A 365 Días | G109: Más 365 Días | H109: Características
A110: 2110 | B110: Cuentas por Pagar a Corto Plazo | C110: =+C111+C112+C113+C114+C115+C116+C117+C118+C119+C120+C121+C122+C123 -> 4941759.9 | D110: =+D111+D112+D113+D114+D115+D116+D117+D118+D119+D120+D121+D122+D123 -> 4941759.9 | E110: 0 | F110: 0 | G110: 0
A111: 2111 | B111: Servicios Personales por Pagar a Corto Plazo | C111: 7465.02 | D111: 7465.02 | E111: 0 | F111: 0 | G111: 0
A112: 2112 | B112: Proveedores por Pagar a Corto Plazo | C112: 3148901.5 | D112: 3148901.5 | E112: 0 | F112: 0 | G112: 0
...

Sheet VHP
A1: =ESF!A1 -> Instituto Cultural de León | D1: Ejercicio: | E1: ='Notas a los Edos Financieros'!D1 -> 2026
A2: Notas de Desglose Estado de Variación en la Hacienda Pública | D2: Periodicidad: | E2: ='Notas a los Edos Financieros'!D2 -> Trimestral
A3: =ESF!A3 -> Del 01 de enero al 30 de septiembre de 2026 | D3: Corte: | E3: ='Notas a los Edos Financieros'!D3 -> 3
A4: (Cifras en Pesos)
A5: Notas
A7: VHP-01 PATRIMONIO CONTRIBUIDO
A8: Cuenta | B8: Nombre de la Cuenta | C8: Monto | D8: Tipo | E8: Naturaleza
A9: 3110 | B9: Aportaciones | C9: 1479574.6
A10: 3120 | B10: Donaciones de Capital | C10: 0
A11: 3130 | B11: Actualización de la Hacienda Pública/Patrimonio | C11: 0
A13: VHP-02 PATRIMONIO GENERADO
A14: Cuenta | B14: Nombre de la Cuenta | C14: Monto | D14: Procedencia
A15: 3210 | B15: Resultado del Ejercicio (Ahorro/Desahorro) | C15: 23708589
A16: 3220 | B16: Resultados de Ejercicios Anteriores | C16: 16398177
A17: 3230 | B17: Revalúos | C17: 0
A18: 3231 | B18: Revalúo de Bienes Inmuebles | C18: 0
A19: 3232 | B19: Revalúo de Bienes Muebles | C19: 0
A20: 3233 | B20: Revalúo de Bienes Intangibles | C20: 0
A21: 3239 | B21: Otros Revalúos | C21: 0
A22: 3240 | B22: Reservas | C22: 0
A23: 3241 | B23: Reservas de Patrimonio | C23: 0
A24: 3242 | B24: Reservas Territoriales | C24: 0
A25: 3243 | B25: Reservas por Contingencias | C25: 0
A26: 3250 | B26: Rectificaciones de Resultados de Ejercicios Anteriores | C26: 0
... A29: 3253 | B29: Cambios en Estimaciones Contables | C29: 0
A31: Bajo protesta de decir verdad declaramos que los Estados Financieros y sus notas, son razonablemente correctos y son responsabilidad del emisor.
B36: DIRECTORA GENERAL LIC. LISETTE AHEDO ESPINOSA | C36: DIRECTORA DE ADMINISTRACIÓN Y FINANZAS C.P. VERÓNICA GONZÁLEZ MORENO

Sheet EFE
A1: =ESF!A1 -> Instituto Cultural de León | D1: Ejercicio: | E1: ='Notas a los Edos Financieros'!D1 -> 2026
A2: Notas de Desglose Estado de Flujos de Efectivo | D2: Periodicidad: | E2: ='Notas a los Edos Financieros'!D2 -> Trimestral
A3: =ESF!A3 -> Del 01 de enero al 30 de septiembre de 2026 | D3: Corte: | E3: ='Notas a los Edos Financieros'!D3 -> 3
A4: (Cifras en Pesos)
A5: Notas
A7: EFE-01 EFECTIVO Y EQUIVALENTES
A8: Cuenta | B8: Nombre de la Cuenta | C8: 2026 | D8: =C8-1 -> 2025
A9: 1111 | B9: Efectivo | C9: 47500 | D9: 47500
A10: 1112 | B10: Bancos/Tesorería | C10: 34627288 | D10: 17770160
A11: 1113 | B11: Bancos/Dependencias y Otros | C11: 0 | D11: 0
A12: 1114 | B12: Inversiones Temporales (Hasta 3 meses) | C12: 0 | D12: 0
A13: 1115 | B13: Fondos con Afectación Específica | C13: 0 | D13: 0
A14: 1116 | B14: Depósitos de Fondos de Terceros en Garantía y/o Administración | C14: 0 | D14: 0
A15: 1119 | B15: Otros Efectivos y Equivalentes | C15: 0 | D15: 0
A16: 1110 | B16: Total de Efectivo y Equivalentes | C16: =+C9+C10+C11+C12+C13+C14+C15 -> 34674788 | D16: =+D9+D10+D11+D12+D13+D14+D15 -> 17817660
A19: EFE-02 ADQ. DE ACT. DE INVERSIÓN EFECTIVAMENTE PAGADAS
A20: Cuenta | B20: Nombre de la Cuenta | C20: 2026 | D20: =C20-1 -> 2025
A21: 1230 | B21: Bienes Inmuebles, Infraestructura y Construcciones en Proceso | C21: 0 | D21: 0
A22: 1231 | B22: Terrenos | C22: 0 | D22: 0
A23: 1232 | B23: Viviendas | C23: 0 | D23: 0
A24: 1233 | B24: Edificios no Habitacionales | C24: 0 | D24: 0
A25: 1234 | B25: Infraestructura | C25: 0 | D25: 0
A26: 1235 | B26: Construcciones en Proceso en Bienes de Dominio Público | C26: 0 | D26: 0
A27: 1236 | B27: Construcciones en Proceso en Bienes Propios | C27: 0 | D27: 0
A28: 1239 | B28: Otros Bienes Inmuebles | C28: 0 | D28: 0
A29: 1240 | B29: Bienes Muebles | C29: =+C30+C31+C32+C33+C34+C35+C36+C37 -> 301455.04 | D29: =+D30+D31+D32+D33+D34+D35+D36+D37 -> 975176.28
A30: 1241 | B30: Mobiliario y Equipo de Administración | C30: 25628.48 | D30: 308783.78
A31: 1242 | B31: Mobiliario y Equipo Educacional y Recreativo | C31: 12738.56 | D31: 659699.42
A32: 1243 | B32: Equipo e Instrumental Médico y de Laboratorio | C32: 0 | D32: 0
A33: 1244 | B33: Vehículos y Equipo de Transporte | C33: 0 | D33: 6693.08
A34: 1245 | B34: Equipo de Defensa y Seguridad | C34: 0 | D34: 0
A35: 1246 | B35: Maquinaria, Otros Equipos y Herramientas | C35: 263088 | D35: 0
A36: 1247 | B36: Colecciones, Obras de Arte y Objetos Valiosos | C36: 0 | D36: 0
A37: 1248 | B37: Activos Biológicos | C37: 0 | D37: 0
A38: 1250 | B38: Activos Intangibles | C38: =+C39+C40+C41+C42+C43 -> 0 | D38: 0
A39: 1251 | B39: Software | C39: 0 | D39: 0
A40: 1252 | B40: Patentes, Marcas y Derechos | C40: 0 | D40: 0
A41: 1253 | B41: Concesiones y Franquicias | C41: 0 | D41: 0
A42: 1254 | B42: Licencias | C42: 0 | D42: 0
A43: 1259 | B43: Otros Activos Intangibles | C43: 0 | D43: 0
B44: Total de Aplicación de efectivo por Actividades de Inversión | C44: =C21+C29+C38 -> 301455.04 | D44: =D21+D29+D38 -> 975176.28
A46: EFE-03 CONCILIACION DE FLUJOS DE EFECTIVO NETOS
A47: Cuenta | B47: Nombre de la Cuenta | C47: 2026 | D47: =C47-1 -> 2025
A48: 3210 | B48: Resultado del Ejercicio (Ahorro/Desahorro) | C48: 23708589 | D48: -495777.41
B49: (+) Movimientos de partidas (o rubros) que no afectan al efectivo | C49: =+C62+C72+C75+C81+C90+C91+C93+C99 -> 1139123.6 | D49: =+D62+D72+D75+D81+D90+D91+D93+D99 -> 1667766
A50: 5400 | B50: INTERESES, COMISIONES Y OTROS GASTOS DE LA DEUDA PUBLICA | C50: 0 | D50: 0
A51: 5410 | B51: Intereses de la deuda pública | C51: 0 | D51: 0
A52: 5411 | B52: Intereses de la Deuda Pública Interna | C52: 0 | D52: 0
A53: 5420 | B53: Comisiones de la deuda pública | C53: 0 | D53: 0
A54: 5421 | B54: Comisiones de la Deuda Pública Interna | C54: 0 | D54: 0
A55: 5430 | B55: Gastos de la deuda pública | C55: 0 | D55: 0
A56: 5431 | B56: Gastos de la Deuda Pública Interna | C56: 0 | D56: 0
A57: 5440 | B57: Costo por coberturas | C57: 0 | D57: 0
A58: 5441 | B58: Costo por coberturas | C58: 0 | D58: 0
A59: 5450 | B59: Apoyos financieros | C59: 0 | D59: 0
A60: 5451 | B60: Apoyos Financieros a Intermediarios | C60: 0 | D60: 0
A61: 5452 | B61: Apoyo Financieros a Ahorradores y Deudores del Sistema Financiero Nacional | C61: 0 | D61: 0
A62: 5500 | B62: OTROS GASTOS Y PERDIDAS EXTRAORDINARIAS | C62: =+C63 -> 1139123.6 | D62: =+D63 -> 1667766
A63: 5510 | B63: Estimaciones, Depreciaciones, Deterioros, Obsolescencia y Amortizaciones | C63: =+C64+C65+C66+C67+C68+C69+C70+C71 -> 1139123.6 | D63: =+D64+D65+D66+D67+D68+D69+D70+D71 -> 1667766
A64: 5511 | B64: Estimaciones por Pérdida o Deterioro de Activos Circulantes | C64: 0 | D64: 0
A65: 5512 | B65: Estimaciones por Pérdida o Deterioro de Activo no Circulante | C65: 0 | D65: 0
A66: 5513 | B66: Depreciación de Bienes Inmuebles | C66: 1134129.7 | D66: 1648671.7
A67: 5514 | B67: Depreciación de Infraestructura | C67: 0 | D67: 0
A68: 5515 | B68: Depreciación de Bienes Muebles | C68: 0 | D68: 0
A69: 5516 | B69: Deterioro de los Activos Biológicos | C69: 0 | D69: 0
A70: 5517 | B70: Amortización de Activos Intangibles | C70: 4993.83 | D70: 6658.44
A71: 5518 | B71: Disminución de Bienes por pérdida, obsolescencia y deterioro | C71: 0 | D71: 12435.9
A72: 5520 | B72: Provisiones | C72: 0 | D72: 0
A73: 5521 | B73: Provisiones de Pasivos a Corto Plazo | C73: 0 | D73: 0
A74: 5522 | B74: Provisiones de Pasivos a Largo Plazo | C74: 0 | D74: 0
A75: 5530 | B75: Disminución de Inventarios | C75: 0 | D75: 0
... A92: 5611 | B92: Construcción en Bienes no Capitalizable | C92: 0 | D92: 0
A93: 2110 | B93: Incremento en Cuentas por Pagar de Operación | C93: =+C94+C95+C96+C97+C98 -> 0 | D93: =+D94+D95+D96+D97+D98 -> 0
A94: 2111 | B94: Provisiones capítulo 1000 | C94: 0 | D94: 0
A95: 2112 | B95: Provisiones capítulo 2000 | C95: 0 | D95: 0
A96: 2112 | B96: Provisiones capítulo 3000 | C96: 0 | D96: 0
A97: 2115 | B97: Provisiones capítulo 4000 | C97: 0 | D97: 0
A98: 2114 | B98: Provisiones capítulo 8000 | C98: 0 | D98: 0
A99: 5120 | B99: Almacén de Materiales y Suministros de Consumo | C99: 0 | D99: 0
A100: 5120 | B100: Almacén de Materiales y Suministros de Consumo | C100: 0 | D100: 0
B101: (-) Movimientos de partidas (o rubros) que afectan al efectivo | C101: 0 | D101: 0
A102: 4300 | B102: OTROS INGRESOS Y BENEFICIOS | C102: 0 | D102: 0
A103: 4310 | B103: Ingresos Financieros | C103: 0 | D103: 0
A104: 4311 | B104: Intereses Ganados de Títulos, Valores y demás Instrumentos Financieros | C104: 0 | D104: 0
A105: 4319 | B105: Otros Ingresos Financieros | C105: 0 | D105: 0
A106: 4320 | B106: Incremento por Variación de Inventarios | C106: 0 | D106: 0
A107: 4321 | B107: Incremento por Variación de Inventarios de Mercancías para Venta | C107: 0 | D107: 0
A108: 4322 | B108: Incremento por Variación de Inventarios de Mercancías Terminadas | C108: 0 | D108: 0
A109: 4323 | B109: Incremento por Variación de Inventarios de Mercancías en Proceso de Elaboración | C109: 0 | D109: 0
A110: 4324 | B110: Incremento por Variación de Inventarios de Materias Primas, Materiales y Suministros para Producción | C110: 0 | D110: 0
A111: 4325 | B111: Incremento por Variación de Almacén de Materias Primas, Materiales y Suministros de Consumo | C111: 0 | D111: 0
A112: 4330 | B112: Disminución del Exceso de Estimaciones por Pérdida o Deterioro u Obsolescencia | C112: 0 | D112: 0
A113: 4331 | B113: Disminución del Exceso de Estimaciones por Pérdida o Deterioro u Obsolescencia | C113: 0 | D113: 0
... A137: 4151 | B137: Enajenaciones | C137: 0 | D137: 0
B138: = Flujos de Efectivo Netos de las Actividades de Operación | C138: =C48+C49-C101 -> 24847712 | D138: =D48+D49-D101 -> 1171988.6
A140: Bajo protesta de decir verdad declaramos que los Estados Financieros y sus notas, son razonablemente correctos y son responsabilidad del emisor.
B145: DIRECTORA GENERAL LIC. LISETTE AHEDO ESPINOSA | C145: DIRECTORA DE ADMINISTRACIÓN Y FINANZAS C.P. VERÓNICA GONZÁLEZ MORENO

Sheet Conciliacion_Ig
A1: =ESF!A1 -> Instituto Cultural de León
A2: Conciliación entre los Ingresos Presupuestarios y Contables
A3: =ESF!A3 -> Del 01 de enero al 30 de septiembre de 2026
A4: (Cifras en pesos)
A5: Concepto | C5: 2026
A6: 1. Total de Ingresos Presupuestarios | C6: 1.0900564e+08
A8: 2. Más Ingresos Contables No Presupuestarios | C8: =SUM(C9:C14) -> 0
A9: 2.1 | B9: Ingresos Financieros | C9: 0
A10: 2.2 | B10: Incremento por Variación de inventarios | C10: 0
A11: 2.3 | B11: Disminución del Exceso de Estimaciones por Pérdida o Deterioro u Obsolescencia | C11: 0
A12: 2.4 | B12: Disminución del Exceso de Provisiones | C12: 0
A13: 2.5 | B13: Otros Ingresos y Beneficios Varios | C13: 0
A14: 2.6 | B14: Otros Ingresos Contables No Presupuestarios | C14: 0
A16: 3. Menos Ingresos Presupuestarios No Contables | C16: =SUM(C17:C19) -> 0
A17: 3.1 | B17: Aprovechamientos Patrimoniales | C17: 0
A18: 3.2 | B18: Ingresos Derivados de Financiamientos | C18: 0
A19: 3.3 | B19: Otros Ingresos Presupuestarios No Contables | C19: 0
A21: 4. Total de Ingresos Contables | C21: =C6+C8-C16 -> 1.0900564e+08
A23: Bajo protesta de decir verdad declaramos que los Estados Financieros y sus notas, son razonablemente correctos y son responsabilidad del emisor.
B28: DIRECTORA GENERAL LIC. LISETTE AHEDO ESPINOSA | C28: DIRECTORA DE ADMINISTRACIÓN Y FINANZAS C.P. VERÓNICA GONZÁLEZ MORENO

Sheet Conciliacion_Eg
A1: =ESF!A1 -> Instituto Cultural de León
A2: Conciliación entre los Egresos Presupuestarios y los Gastos Contables
A3: =ESF!A3 -> Del 01 de enero al 30 de septiembre de 2026
A4: (Cifras en pesos)
A5: Concepto | C5: 2026
A6: 1. Total de Egresos Presupuestarios | C6: 84459384
A8: 2. Menos Egresos Presupuestarios No Contables | C8: =SUM(C9:C29) -> 301455.04
A9: 2.1 | B9: Materias Primas y Materiales de Producción y Comercialización | C9: 0
A10: 2.2 | B10: Materiales y Suministros | C10: 0
A11: 2.3 | B11: Mobiliario y Equipo de Administración | C11: =25633.48-5 -> 25628.48
A12: 2.4 | B12: Mobiliario y Equipo Educacional y Recreativo | C12: 12738.56
A13: 2.5 | B13: Equipo e Instrumental Médico y de Laboratorio | C13: 0
A14: 2.6 | B14: Vehículos y Equipo de Transporte | C14: 0
A15: 2.7 | B15: Equipo de Defensa y Seguridad | C15: 0
A16: 2.8 | B16: Maquinaria, Otros Equipos y Herramientas | C16: 0
A17: 2.9 | B17: Activos Biológicos | C17: 0
A18: 2.10 | B18: Bienes Inmuebles | C18: 0
A19: 2.11 | B19: Activos Intangibles | C19: 0
A20: 2.12 | B20: Obra Pública en Bienes de Dominio Público | C20: 0
A21: 2.13 | B21: Obra Pública en Bienes Propios | C21: 0
A22: 2.14 | B22: Acciones y Participaciones de Capital | C22: 0
A23: 2.15 | B23: Compra de Títulos y Valores | C23: 0
A24: 2.16 | B24: Concesión de Préstamos | C24: 0
A25: 2.17 | B25: Inversiones en Fideicomisos, Mandatos y Otros Análogos | C25: 0
A26: 2.18 | B26: Provisiones para Contingencias y Otras Erogaciones Especiales | C26: 0
A27: 2.19 | B27: Amortización de la Deuda Pública | C27: 0
A28: 2.20 | B28: Adeudos de Ejercicios Fiscales Anteriores (ADEFAS) | C28: 0
A29: 2.21 | B29: Otros Egresos Presupuestarios No Contables | C29: 263088
A31: 3. Más Gastos Contables No Presupuestarios | C31: =SUM(C32:C38) -> 1139123.6
A32: 3.1 | B32: Estimaciones, Depreciaciones, Deterioros, Obsolescencia y Amortizaciones | C32: 1139123.6
A33: 3.2 | B33: Provisiones | C33: 0
A34: 3.3 | B34: Disminución de Inventarios | C34: 0
A35: 3.4 | B35: Otros Gastos | C35: 0
A36: 3.5 | B36: Inversión Pública no Capitalizable | C36: 0
A37: 3.6 | B37: Materiales y Suministros (consumos) | C37: 0
A38: 3.7 | B38: Otros Gastos Contables No Presupuestarios | C38: 0
A40: 4. Total de Gastos Contables | C40: =C6-C8+C31 -> 85297053
A42: Bajo protesta de decir verdad declaramos que los Estados Financieros y sus notas, son razonablemente correctos y son responsabilidad del emisor.
B47: DIRECTORA GENERAL LIC. LISETTE AHEDO ESPINOSA | C47: DIRECTORA DE ADMINISTRACIÓN Y FINANZAS C.P. VERÓNICA GONZÁLEZ MORENO

Sheet Memoria
A1: ='Notas a los Edos Financieros'!A1 -> Instituto Cultural de León | G1: Ejercicio: | H1: ='Notas a los Edos Financieros'!D1 -> 2026
A2: Notas de Memoria | G2: Periodicidad: | H2: ='Notas a los Edos Financieros'!D2 -> Trimestral
A3: ='Notas a los Edos Financieros'!A3 -> Del 01 de enero al 30 de septiembre de 2026 | G3: Corte: | H3: ='Notas a los Edos Financieros'!D3 -> 3
A4: (Cifras en Pesos)
A5: Notas
A8: Cuenta | B8: Concepto | C8: Saldo Inicial | D8: Cargos del Período | E8: Abonos del Período | F8: Saldo Final | G8: Valores en Custodia | H8: Tasa | I8: Vencimiento | J8: Tipo de Contrato
A9: 7000 | B9: CUENTAS DE ORDEN CONTABLES
A10: 7110 | B10: Valores en Custodia | C10: 0 | D10: 0 | E10: 0 | F10: 0
A11: 7120 | B11: Custodia de Valores | C11: 0 | D11: 0 | E11: 0 | F11: 0
A12: 7130 | B12: Instrumentos de Crédito Prestados a Formadores de Mercado | C12: 0 | D12: 0 | E12: 0 | F12: 0
A13: 7140 | B13: Préstamo de Instrumentos de Crédito a Formadores de Mercado y su Garantía | C13: 0 | D13: 0 | E13: 0 | F13: 0
A14: 7150 | B14: Instrumentos de Crédito Recibidos en Garantía de los Formadores de Mercado | C14: 0 | D14: 0 | E14: 0 | F14: 0
A15: 7160 | B15: Garantía de Créditos Recibidos de los Formadores de Mercado | C15: 0 | D15: 0 | E15: 0 | F15: 0
A16: 7210 | B16: Autorización para la Emisión de Bonos, Títulos y Valores de la Deuda Pública Interna | C16: 0 | D16: 0 | E16: 0 | F16: 0
A17: 7220 | B17: Autorización para la Emisión de Bonos, Títulos y Valores de la Deuda Pública Externa | C17: 0 | D17: 0 | E17: 0 | F17: 0
A18: 7230 | B18: Emisiones Autorizadas de la Deuda Pública Interna y Externa | C18: 0 | D18: 0 | E18: 0 | F18: 0
A19: 7240 | B19: Suscripción de Contratos de Préstamos y Otras Obligaciones de la Deuda Pública Interna | C19: 0 | D19: 0 | E19: 0 | F19: 0
A20: 7250 | B20: Suscripción de Contratos de Préstamos y Otras Obligaciones de la Deuda Pública Externa | C20: 0 | D20: 0 | E20: 0 | F20: 0
A21: 7260 | B21: Contratos de Préstamos y Otras Obligaciones de la Deuda Pública Interna y Externa | C21: 0 | D21: 0 | E21: 0 | F21: 0
... A35: 7640 | B35: Contrato de Comodato por Bienes | C35: 0 | D35: 0 | E35: 0 | F35: 0
A37: 8000 | B37: CUENTAS DE ORDEN PRESUPUESTARIO
B39: Cuentas de Orden Presupuestarias de Ingresos
B40: Concepto | C40: 2026
A41: 8110 | B41: Ley de Ingresos Estimada | C41: 100677572
A42: 8120 | B42: Ley de Ingresos por Ejecutar | C42: 21186046
A43: 8130 | B43: Modificaciones a la Ley de Ingresos Estimada | C43: 29514116
A44: 8140 | B44: Ley de Ingresos Devengada | C44: 1.0900564e+08
A45: 8150 | B45: Ley de Ingresos Recaudada | C45: 1.0173836e+08
B48: Cuentas de Orden Presupuestarias de Egresos
B49: Concepto | C49: 2026
A50: 8210 | B50: Presupuesto de Egresos Aprobado | C50: 100677572
A51: 8220 | B51: Presupuesto de Egresos por Ejercer | C51: 40120997
A52: 8230 | B52: Modificaciones al Presupuesto de Egresos Aprobado | C52: 29514116
A53: 8240 | B53: Presupuesto de Egresos Comprometido | C53: 5611307
A54: 8250 | B54: Presupuesto de Egresos Devengado | C54: 84459384
A55: 8260 | B55: Presupuesto de Egresos Ejercido | C55: 0
A56: 8270 | B56: Presupuesto de Egresos Pagado | C56: 81656656
A59: Bajo protesta de decir verdad declaramos que los Estados Financieros y sus notas, son razonablemente correctos y son responsabilidad del emisor.
B64: DIRECTORA GENERAL LIC. LISETTE AHEDO ESPINOSA | C64: DIRECTORA DE ADMINISTRACIÓN Y FINANZAS C.P. VERÓNICA GONZÁLEZ MORENO
